 Dungeon Crawl Stone Soup version 0.31-a0-233-g139696dc86 (webtiles) character file.

Game seed: 7906539562096203457

50 qw the Shooter (level 3, -1/29 HPs)
             Began as a Minotaur Hexslinger on July 8, 2023.
             Slain by Sigmund
             ... wielding a +0 scythe
              (6 damage)
             ... on level 2 of the Dungeon.
             The game lasted 00:00:31 (1113 turns).

qw the Shooter (Minotaur Hexslinger)                Turns: 1113, Time: 00:00:32

Health: -1/29      AC:  6    Str: 12    XL:     3   Next: 55%
Magic:  3/3        EV: 11    Int: 10    God:
Gold:   36         SH:  0    Dex: 14    Spells: 3/4 levels left

rFire   . . .        Y - +1 sling
rCold   . . .        (no shield)
rNeg    . . .        m - +0 ring mail
rPois   .            (helmet restricted)
rElec   .            (no cloak)
rCorr   .            k - +0 pair of gloves
SInv    .            (no boots)
Will    .....        (no amulet) Stlth
                     (no ring)
HPRegen 0.24/turn    (no ring)
MPRegen 0.08/turn

%: no passive effects
@: confused
A: horns 2, retaliatory headbutt
a: no special abilities


You were on level 2 of the Dungeon.
You visited 1 branch of the dungeon, and saw 2 of its levels.

You collected 53 gold pieces.
You spent 17 gold pieces at shops.


Innate Abilities, Weirdness & Mutations

You have a pair of horns on your head.
You reflexively headbutt those who attack you in melee.


   Skills:
 - Level 2.0 Fighting
 - Level 4.0 Ranged Weapons
 + Level 0.4 Armour
 - Level 2.1 Dodging
 - Level 1.0 Spellcasting
 - Level 2.0 Hexes


You had 3 spell levels left.
You knew the following spells:

 Your Spells              Type           Power      Damage    Failure   Level
a - Slow                  Hex            16%        N/A       34%         1

Your spell library contained the following spells:

 Spells                   Type           Power      Damage    Failure   Level
 Inner Flame              Hex/Fire       2%         N/A       83%         3
 Portal Projectile        Hex/Tloc       4%         N/A       83%         3
 Cause Fear               Hex            2%         N/A       98%         4

Inventory:

Hand Weapons
 Y - a +1 sling (weapon)
Armour
 k - a +0 pair of gloves (worn)
 m - a +0 ring mail (worn)
Scrolls
 a - a scroll of identify
Potions
 b - a potion of heal wounds {unknown}
 c - a potion of attraction {unknown}
 d - a potion of resistance {unknown}
 e - a potion of invisibility {unknown}
 f - a potion of might
 h - a potion of lignification {unknown}
 l - a potion of enlightenment {unknown}

Dungeon Overview and Level Annotations

Branches:
Dungeon (2/15)

Altars:

Shops:
D:1 *

Annotations:
D:2 Sigmund


Message History

You are confused.
1091 ||| DRINKING potion of curing.
You feel better.
1091 ||| (to cure confusion) Sigmund misses you.
You shoot a sling bullet. The sling bullet hits Sigmund.
Sigmund is moderately wounded.
Sigmund hits you from afar with a +0 scythe.
You shoot a sling bullet.
The sling bullet closely misses Sigmund.
Sigmund misses you.
You shoot a sling bullet. The sling bullet hits Sigmund.
Sigmund is moderately wounded.
Sigmund barely misses you.
You shoot a sling bullet.
The sling bullet completely misses Sigmund.
You shoot a sling bullet. The sling bullet hits Sigmund.
Sigmund is moderately wounded.
Sigmund gestures at you while chanting. You resist with significant effort.
Sigmund barely misses you.
You shoot a sling bullet. The sling bullet hits Sigmund.
Sigmund is heavily wounded.
Sigmund casts a spell at you.
You are confused.
Sigmund points at you and mumbles some strange words.
You are more confused.
Sigmund points at you and mumbles some strange words.
You are more confused.
Sigmund hits you from afar with a +0 scythe.
Sigmund hits you but does no damage.
Sigmund hits you from afar with a +0 scythe.
Sigmund misses you.
Sigmund hits you from afar with a +0 scythe.
Sigmund hits you but does no damage. Sigmund casts a spell at you.
You are more confused.
Sigmund hits you from afar with a +0 scythe!
Sigmund casts a spell at you. You resist with significant effort.
Sigmund hits you from afar with a +0 scythe.
You die...

............<....%........
...........######%..#####.##
####..##.##.######......<....
#........##...#...#####.##
...###.#####.#.....# ## #.#
#...#.###%### #.
#.#.#)......# #......#.#..#
#.@###.#....# #...@..#%.#.#
...#.#....##.# ###. .#.#..#
.. .. .#..... ..# #..
........ ... ### #.### .###


You could see Sigmund.

Vanquished Creatures
  An adder (D:2)
  3 endoplasms
  A giant cockroach (D:1)
  5 goblins (D:1)
  2 hobgoblins (D:1)
  7 jackals (D:1)
  A quokka (D:1)
  6 ball pythons
  3 bats
  4 frilled lizards
  5 rats
38 creatures vanquished.

Notes
Turn   | Place    | Note
-------+----------+-------------------------------------------
     0 | D:1      | qw the Minotaur Hexslinger began the quest for the Orb.
     0 | D:1      | Reached XP level 1. HP: 16/16 MP: 1/1
     0 | D:1      | 0 ||| qw: Version: 0.3-a-46-gb1f654a
     0 | D:1      | 0 ||| qw: Game counter: 3755
     0 | D:1      | 0 ||| qw: Melee chars always use a shield: true
     0 | D:1      | 0 ||| qw: God list: Okawaru
     0 | D:1      | 0 ||| qw: Allow faded altars: false
     0 | D:1      | 0 ||| qw: Do Orc after clearing Dungeon:15 true
     0 | D:1      | 0 ||| qw: Do second Lair branch before Depths: true
     0 | D:1      | 0 ||| qw: Lair rune preference: random
     0 | D:1      | 0 ||| qw: Goals: Normal
     0 | D:1      | 0 ||| PLANNING D:1-11
   202 | D:1      | Reached skill level 3 in Ranged Weapons
   202 | D:1      | Reached XP level 2. HP: 19/23 MP: 2/2
   278 | D:1      | 278 ||| FLEEEEING.
   279 | D:1      | 279 ||| FLEEEEING.
   280 | D:1      | 280 ||| FLEEEEING.
   281 | D:1      | 281 ||| FLEEEEING.
   282 | D:1      | 282 ||| FLEEEEING.
   283 | D:1      | 283 ||| FLEEEEING.
   285 | D:1      | 285 ||| FLEEEEING.
   286 | D:1      | 286 ||| FLEEEEING.
   468 | D:1      | Found Wotudem's Assorted Antiques.
   473 | D:1      | 473 ||| SHOPLISTING 2 orange potions (34 gold, have 32).
   473 | D:1      | 473 ||| BUYING bubbling inky potion (17 gold).
   473 | D:1      | Bought a bubbling inky potion for 17 gold pieces
   473 | D:1      | 473 ||| SHOPLISTING scroll labelled INWUAN ZIXTU (19 gold,
                  | have 15).
   642 | D:1      | Reached XP level 3. HP: 17/29 MP: 3/3
   954 | D:1      | 954 ||| UPGRADING to +0 leather armour.
   964 | D:1      | 964 ||| DROPPING +0 robe.
   965 | D:1      | 965 ||| UPGRADING to +0 pair of gloves.
   970 | D:1      | 970 ||| UPGRADING to +0 ring mail.
   980 | D:1      | 980 ||| DROPPING +0 leather armour.
   981 | D:1      | 981 ||| READING 2 scrolls labelled INWUAN ZIXTU.
   982 | D:1      | 982 ||| READING scroll labelled XOBI ECKUMOCZI.
   987 | D:1      | 987 ||| READING scroll labelled SEITAOKK CEANT.
   988 | D:1      | 988 ||| READING scroll labelled QOFUYR NOCSOPH.
   989 | D:1      | 989 ||| DRINKING 2 bubbling sapphire potions.
   990 | D:1      | 990 ||| DRINKING 2 bubbling inky potions.
   991 | D:1      | 991 ||| DROPPING scroll of poison.
  1068 | D:2      | Reached skill level 4 in Ranged Weapons
  1087 | D:2      | Noticed Sigmund
  1091 | D:2      | 1091 ||| DRINKING potion of curing.
  1091 | D:2      | 1091 ||| (to cure confusion)
  1110 | D:2      | HP: 5/29 [Sigmund/+0 scythe (10)]
  1113 | D:2      | Slain by Sigmund

Levels and vault maps discovered:
D:1:      dpeg_arrival_rooms_b, layout_basic, serial_shops, shop,
          minmay_split_cup_large
D:2:      layout_loops_cross, minmay_tromino_i4, uniq_natasha, uniq_sigmund

Skill      XL: |  1  2  3 |
---------------+----------+-----
Ranged Weapons | 3 4 |  4.0
Fighting       | 2 |  2.0
Armour         | |  0.4
Dodging        | |  2.1
Spellcasting   | |  1.0
Hexes          | |  2.0

Action                     || total
---------------------------++-------
   Fire: Sling             ||   113
    Use: Scroll            ||     4
         Potion            ||     3
 Armour: Robe              ||     6
         Ring mail         ||     6
  Dodge: Dodged            ||    37

Table legend:
 A = Non-vault XP
 B = Vault XP
 C = Vault XP percentage of total XP
 D = Non-vault monster count
 E = Vault monster count
 F = Vault count percentage of total count
                 A         B        C        D         E       F
            +---------+---------+-------+---------+---------+-------
      Total |      49 |      23 |  31.9 |      30 |       8 |  21.1
            +---------+---------+-------+---------+---------+-------
        D:1 |      39 |       6 |  13.3 |      23 |       4 |  14.8
        D:2 |      10 |      17 |  63.0 |       7 |       4 |  36.4
            +---------+---------+-------+---------+---------+-------
